 Dungeon Crawl Stone Soup version 0.17-a0-1914-gde4187c (webtiles) character file.

11099 kae the Fencer (level 11, -1/99 HPs)
             Began as a Minotaur Fighter on Sept 26, 2015.
             Was an Elder of Qazlal.
             Killed by Ozocubu's Refrigeration
             ... invoked by Fannar
              (8 damage)
             ... on level 10 of the Dungeon.
             The game lasted 00:17:08 (10884 turns).

kae the Fencer (Minotaur Fighter)                  Turns: 10884, Time: 00:17:08

Health: -1/99      AC: 12    Str: 23      XL:     11   Next: 44%
Magic:  15/15      EV:  7    Int:  7      God:    Qazlal [****..]
Gold:   486        SH: 14    Dex: 11 (12) Spells: 0 memorised, 10 levels left

rFire  . . .     SeeInvis .     a - +0 falchion (flame)
rCold  + . .     Clarity  .     b - +1 scale mail
rNeg   + . .     SustAt   .     c - +0 shield
rPois  .         Gourm    .     (helmet restricted)
rElec  .         Spirit   .     t - +2 cloak
rCorr  .         Warding  .     H - +0 pair of gloves {Dex+3}
rMut   .         Stasis   .     (no boots)
MR     .....                    (no amulet)
Stlth  ..........               p - ring of positive energy
                                x - ring of protection from cold

@: repel missiles, not resistant to hostile enchantments, extremely unstealthy
A: retaliatory headbutt, horns 2
a: Upheaval, Elemental Force, Renounce Religion


You were on level 10 of the Dungeon.
You worshipped Qazlal.
Qazlal was greatly pleased with you.
You were not hungry.

You visited 2 branches of the dungeon, and saw 12 of its levels.
You also visited: Sewer.

You collected 704 gold pieces.
You spent 218 gold pieces at shops.

Inventory:

Hand weapons
 a - a +0 falchion of flaming (weapon)
 C - a +1 great sword
 D - a +1 long sword
 J - a +1 falchion of draining
 R - a +1 long sword
Armour
 b - a +1 scale mail (worn)
 c - a +0 shield (worn)
 t - a +2 cloak (worn)
 H - a +0 pair of gloves of dexterity (worn)
Jewellery
 p - a ring of positive energy (right hand)
 x - a ring of protection from cold (left hand)
 y - an uncursed amulet of stasis
 B - an uncursed ring of stealth
Magical devices
 o - a wand of fireball (0)
 q - a wand of fire (0)
 s - a wand of slowing (41)
 u - a wand of disintegration (10)
 K - a wand of draining (0)
 P - a wand of slowing (25)
 U - a wand of fireball (9)
 W - a wand of lightning (7)
Scrolls
 d - 3 scrolls of enchant weapon
 i - 12 scrolls of teleportation
 k - 2 scrolls of remove curse
 l - 2 scrolls of recharging
 m - a scroll of fog
 F - a scroll of magic mapping
 M - a scroll of amnesia
 S - 3 scrolls of identify
 V - a scroll of blinking {unknown}
Potions
 n - 8 potions of curing
 r - 5 potions of magic
 A - 3 potions of haste
 E - 2 potions of berserk rage
 G - a potion of brilliance
 N - a potion of might
 O - a potion of invisibility {unknown}
Books
 h - a book of Flames

   Spells                             Type                      Level
   a - Flame Tongue                   Conjuration/Fire             1
   b - Throw Flame                    Conjuration/Fire             2
   c - Conjure Flame                  Conjuration/Fire             3
   d - Inner Flame                    Hexes/Fire                   3
   e - Sticky Flame                   Conjuration/Fire             4
   f - Fireball                       Conjuration/Fire             5
Comestibles
 e - 6 bread rations
 f - 6 meat rations
 g - 8 slices of pizza
 v - 3 beef jerkies
 z - 16 fruits


   Skills:
 - Level 10.0 Fighting
 - Level 16.6 Long Blades
 - Level 3.6 Armour
 - Level 3.6 Shields
 + Level 7.2 Invocations


You had 10 spell levels left.
You didn't know any spells.

Dungeon Overview and Level Annotations

Branches:
Dungeon (11/15)            Temple (1/1) D:6             Orc (0/4) D:9
   Lair: D:8-11

Altars:
Ashenzari
Cheibriados
Elyvilon
Fedhas
Gozag
Kikubaaqudgha
Makhleb
Nemelex Xobeh
Qazlal
Ru
Sif Muna
Trog
Vehumet
Yredelemnul
Zin
The Shining One

Shops:
D:4 !   D:7 *   D:11 ?

Annotations:
D:10 Fannar


Innate Abilities, Weirdness & Mutations

You reflexively headbutt those who attack you in melee.
You have a pair of horns on your head.


Message History

Fannar is engulfed in freezing vapours.
You block Fannar's attack.
Unknown command.
You closely miss Fannar.
Fannar is heavily wounded.
The ice beast barely misses you.
Unknown command.
Fannar blocks your attack.
Your headbutt misses Fannar.
Fannar is heavily wounded.
Fannar is engulfed in freezing vapours.
Fannar hits you with a quarterstaff of freezing!
* * * LOW HITPOINT WARNING * * *
Fannar freezes you.
* * * LOW HITPOINT WARNING * * *
Drink which item? (? for menu, Esc to quit)
It was a potion of cure mutation.
It has a very clean taste.
The ice beast hits you but does no damage.
Fannar mumbles some strange words.
Fannar drains the heat from the surrounding environment!
You resist.
You feel very cold.
You die...

#....###.......###...##...###...#
.................#.....[....#....
........§........#.........§#....
............>....'..........'..§.
#..##.##.####...####.#####+##'##.
#..##.##.####...####.####..##.##.
..............§..§>..............
............>..§.Y§............§.
..(............)@................
'####(.####.##§e>[####.##+##..###
.####(#####.##Y#######.##.##..###
..#.))(.....#.........§..........
..#...(.....+...§................
..#.........#....................
..+.........#....................
.##.##.##...##...##.##...###....#
.##.##+##...##...##.####'###.....


You could see Fannar and 2 ice beasts.

Vanquished Creatures
  A hydra (D:8)
  The ghost of Goblin1989 the Basher, an experienced HuFi of Makhleb (D:8)
  Pikel (D:5)
  2 hill giants
  Maurice (D:8)
  A troll (D:10)
  A two-headed ogre (D:9)
  Prince Ribbit (D:7)
  A wyvern (D:8)
  Sigmund (D:2)
  7 yaks
  A deep elf mage (D:9)
  2 hungry ghosts
  Grum (D:10)
  2 wolves
  2 hippogriffs
  Edmund (D:5)
  The ghost of cireshan the Conjurer, an average DECj (D:4)
  An ice beast (D:7)
  A necrophage (D:11)
  3 orc warriors
  A sky beast (D:8)
  A black bear (D:10)
  3 phantoms
  4 slaves (D:5)
  3 ogres
  5 giant frogs
  A crocodile (D:11)
  A wyvern zombie (D:6)
  7 big kobolds
  A gnoll sergeant (D:9)
  A scorpion (D:11)
  A wyvern skeleton (D:8)
  12 killer bees
  2 quasits
  6 crimson imps
  9 wights
  5 hounds
  2 centaur zombies
  A giant frog zombie (D:7)
  6 orc priests
  13 orc wizards
  Natasha (twice) (D:2)
  3 iguanas
  6 worker ants
  2 sheep (D:8)
  A killer bee zombie (D:6)
  2 hound zombies
  8 gnolls
  13 adders
  2 shadow imps
  4 oozes
  2 worms
  6 giant geckos
  48 orcs
  8 bats
  11 giant cockroaches
  6 hobgoblins
  22 jackals
  28 kobolds
  4 quokkas
  5 ball pythons
  A ball python skeleton (D:5)
  9 giant newts
  10 goblins
  10 rats
  2 plants (Sewer)
333 creatures vanquished.

Vanquished Creatures (others)
  2 plants
2 creatures vanquished.

Grand Total: 335 creatures vanquished

Notes
Turn   | Place    | Note
--------------------------------------------------------------
     0 | D:1      | kae the Minotaur Fighter began the quest for the Orb.
     0 | D:1      | Reached XP level 1. HP: 19/19 MP: 0/0
   101 | D:1      | Reached XP level 2. HP: 26/26 MP: 1/1
   363 | D:1      | Reached skill level 4 in Long Blades
   556 | D:2      | Reached XP level 3. HP: 31/31 MP: 2/2
   573 | D:2      | Found a white marble altar of Elyvilon.
   725 | D:2      | Reached skill level 5 in Long Blades
   818 | D:2      | Noticed Sigmund
   842 | D:2      | Killed Sigmund
   842 | D:2      | Reached skill level 7 in Long Blades
   842 | D:2      | Reached XP level 4. HP: 10/39 MP: 3/3
   842 | D:2      | Reached XP level 5. HP: 11/45 MP: 4/4
  1101 | D:2      | Noticed Natasha
  1111 | D:2      | Killed Natasha
  1363 | D:2      | Reached XP level 6. HP: 48/51 MP: 5/5
  1416 | D:2      | Noticed Natasha
  1424 | D:2      | Killed Natasha
  1692 | D:3      | Found a sacrificial altar of Ru.
  1752 | D:3      | Found a glowing drain.
  1857 | Sewer    | Entered a sewer
  1967 | Sewer    | Reached skill level 8 in Long Blades
  3417 | D:4      | Reached skill level 9 in Long Blades
  3432 | D:4      | Reached XP level 7. HP: 49/57 MP: 6/6
  3498 | D:4      | Found a glowing silver altar of Zin.
  3672 | D:4      | Found Qirih's Distillery.
  3680 | D:4      | Bought a potion of degeneration for 10 gold pieces
  3680 | D:4      | Bought a potion of lignification for 30 gold pieces
  3680 | D:4      | Bought a potion of curing for 30 gold pieces
  3707 | D:4      | Reached skill level 10 in Long Blades
  3738 | D:4      | Noticed cireshan's ghost (average DECj)
  3762 | D:4      | Killed cireshan's ghost
  4063 | D:4      | Reached skill level 11 in Long Blades
  4076 | D:4      | Found a glowing golden altar of the Shining One.
  4107 | D:4      | Reached XP level 8. HP: 62/64 MP: 7/7
  4178 | D:5      | Entered Level 5 of the Dungeon
  4324 | D:5      | Noticed Pikel
  4654 | D:5      | Reached skill level 12 in Long Blades
  4692 | D:5      | Killed Pikel
  4692 | D:5      | Reached skill level 13 in Long Blades
  4932 | D:5      | Noticed Edmund
  4945 | D:5      | Killed Edmund
  4973 | D:6      | Found a staircase to the Ecumenical Temple.
  4985 | D:6      | Reached XP level 9. HP: 60/70 MP: 8/8
  5063 | Temple   | Entered the Ecumenical Temple
  5091 | Temple   | Became a worshipper of Qazlal Stormbringer
  5157 | D:6      | Found a sparkling altar of Nemelex Xobeh.
  5158 | D:6      | Found an opulent altar of Gozag.
  5264 | D:6      | Reached skill level 14 in Long Blades
  5421 | D:6      | Found a snail-covered altar of Cheibriados.
  5489 | D:6      | Acquired Qazlal's first power
  5915 | D:6      | Found a blossoming altar of Fedhas.
  5915 | D:6      | Found an ancient bone altar of Kikubaaqudgha.
  6035 | D:7      | Noticed Prince Ribbit
  6190 | D:7      | Killed Prince Ribbit
  6190 | D:7      | Reached skill level 15 in Long Blades
  6360 | D:7      | Acquired Qazlal's second power
  6419 | D:7      | Found Join's Assorted Antiques.
  6435 | D:7      | Bought a pair of embroidered gloves for 121 gold pieces
  6435 | D:7      | Bought a scroll labeled CUNTYME OZAYRR for 27 gold pieces
  6515 | D:7      | Found a bloodstained altar of Trog.
  6794 | D:8      | Noticed Maurice
  6808 | D:8      | Killed Maurice
  6808 | D:8      | Reached skill level 16 in Long Blades
  6808 | D:8      | Reached XP level 10. HP: 52/77 MP: 9/9
  6846 | D:8      | You fall through a shaft for 2 floors!
  6846 | D:10     | Entered Level 10 of the Dungeon
  6991 | D:10     | Noticed a hill giant
  6994 | D:10     | Noticed a hill giant
  6996 | D:10     | Noticed Grum
  7700 | D:8      | Noticed Goblin1989's ghost (experienced HuFi)
  7724 | D:8      | Killed Goblin1989's ghost
  7724 | D:8      | Reached skill level 5 in Fighting
  7978 | D:8      | Acquired Qazlal's third power
  8214 | D:8      | Noticed a three-headed hydra
  8224 | D:8      | Killed a one-headed hydra
  8889 | D:9      | Reached skill level 10 in Fighting
  8956 | D:9      | Found a basalt altar of Yredelemnul.
  9000 | D:9      | Reached skill level 1 in Invocations
  9075 | D:9      | Killed a hill giant
  9075 | D:9      | Reached XP level 11. HP: 81/99 MP: 10/12
  9189 | D:9      | Found a staircase to the Orcish Mines.
  9571 | D:10     | Killed Grum
  9585 | D:10     | Killed a hill giant
  9585 | D:10     | Acquired Qazlal's fourth power
  9731 | D:10     | Reached skill level 5 in Invocations
 10183 | D:11     | Found Xyism's Magic Scroll Shop.
 10200 | D:11     | Noticed Fannar
 10884 | D:10     | Killed from afar by Fannar

Vault maps used:
D:1:      saegor_arrival_simple_b
D:2:      overflow_temple_1_default, first_bread, uniq_sigmund, uniq_natasha
D:3:      nicolae_overflow_hidden_temple, portal_sewer_entry_e, minmay_ruptured
D:4:      nicolae_tso_carved_into_rock, lemuel_round_altar, serial_shops,
          shop_statue, minmay_cupped
D:5:      uniq_edmund, uniq_pikel
D:6:      grunt_temple_overflow_opulence, cheibriados_altar_wand_db,
          grunt_temple_overflow_growth_and_decay, minmay_temple_entry_overgrown,
          minivault_19
D:7:      kennysheep_mini_moat, serial_shops, shop_coins, uniq_prince_ribbit1
D:8:      hangedman_ranch, uniq_maurice
D:9:      lemuel_coloured_pillars_altar, hiddenorc1_lemuel, minivault_5
D:10:     uniq_grum
D:11:     lair_0_dummy, serial_ice, serial_ice_d, serial_ice_h, serial_ice_a,
          serial_ice_i, portal_ice_cave_entry_pillars_01, serial_shops, shop,
          shop, kennysheep_mini, shop, zaba_anthell, uniq_fannar
Temple:   cyrus_temple_forest_13
Sewer:    sewer_co_scattered_pipes

Action                   |  1- 3 |  4- 6 |  7- 9 | 10-12 || total
-------------------------+-------+-------+-------+-------++-------
Melee: Long sword        |    64 |   229 |   422 |   173 ||   888
       Falchion          |       |       |       |   288 ||   288
Invok: Upheaval          |       |       |       |     1 ||     1
Evoke: Wand              |       |     2 |     4 |    10 ||    16
  Use: Potion            |     1 |       |     2 |     7 ||    10
       Scroll            |       |    12 |     9 |     2 ||    23
  Eat: Chunk             |       |     9 |    10 |    13 ||    32
       Fruit             |       |       |     1 |     2 ||     3
